 Dungeon Crawl Stone Soup version 0.23.2-33-g5129a83184 (webtiles) character file.

Game seed: 8806880624386273428

5377 FishyPogo the Conjurer (level 10, -11/80 HPs)
             Began as a Green Draconian Air Elementalist on July 23, 2019.
             Was a Priest of Sif Muna.
             Killed from afar by a hell hound (13 damage)
             ... with a blast of flame
             ... on level 10 of the Dungeon.
             The game lasted 01:55:11 (8605 turns).

FishyPogo the Conjurer (DrAE)                       Turns: 8605, Time: 01:55:11

Health: -11/80     AC:  9    Str: 10      XL:     10   Next: 39%
Magic:  10/17      EV: 14    Int: 17 (19) God:    Sif Muna [***...]
Gold:   263        SH:  3    Dex: 12      Spells: 11/18 levels left

rFire    . . .     SeeInvis .   b - +4 quarterstaff (freeze)
rCold    . . .     Gourm    .   (shield currently unavailable)
rNeg     . . .     Faith    .   (armour unavailable)
rPois    +         Spirit   .   (helmet restricted)
rElec    .         Reflect  +   u - +1 cloak (curse)
rCorr    .         Harm     .   (no gloves)
MR       .....                  (no boots)
Stlth    ++........             C - +3 amulet of reflection
HPRegen  0.23/turn              c - ring of wizardry
MPRegen  0.15/turn              z - ring of attention (curse)

@: flying, divine energy
A: breathe noxious fumes, unfitting armour, big wings, hooves 1, poison
resistance, cold-blooded, AC +7
a: Breathe Noxious Fumes, Stop Flying, Stop Divine Energy, Channel Magic,
Renounce Religion


You were on level 10 of the Dungeon.
You worshipped Sif Muna.
Sif Muna was most pleased with you.
You were hungry.

You visited 2 branches of the dungeon, and saw 11 of its levels.

You collected 467 gold pieces.
You spent 204 gold pieces at shops.

Inventory:

Hand Weapons
 a - a +2 short sword of holy wrath
 b - a +4 quarterstaff of freezing (weapon)
 d - a +1 short sword
 n - a +4 great sword of freezing
 v - a +1 dagger of venom
 w - a +2 mace of protection
 J - a +0 rapier
 M - a +4 dire flail
 N - a +3 falchion
Missiles
 e - 263 stones (quivered)
 g - 137 arrows
 m - 39 sling bullets
 r - 44 poisoned needles
Armour
 u - a cursed +1 cloak (worn)
Jewellery
 c - a ring of wizardry (left hand)
 p - an uncursed ring of see invisible
 t - an uncursed amulet of the acrobat
 x - an uncursed amulet of the acrobat
 z - a cursed ring of attention (right hand)
 A - an uncursed amulet of regeneration
 C - a +3 amulet of reflection (around neck)
Wands
 j - a wand of flame (13)
 I - a wand of disintegration (9)
 K - a wand of clouds (7)
Scrolls
 f - 3 scrolls of identify
 s - a scroll of noise
 y - 2 scrolls of teleportation
 E - a scroll of enchant weapon
 L - a scroll of silence {unknown}
 O - a scroll of magic mapping
 P - a scroll of remove curse
Potions
 i - 2 potions of berserk rage
 k - 3 potions of heal wounds
 l - 5 potions of curing
 o - 3 potions of lignification
 q - 3 potions of might
 B - 2 potions of brilliance
 D - 2 potions of cancellation
 F - a potion of haste
 G - a potion of flight
 H - a potion of invisibility
 Q - a potion of degeneration
Comestibles
 h - 23 rations


   Skills:
 + Level 4.7 Fighting
 - Level 3.9 Short Blades
 * Level 5.2 Staves
 + Level 4.5 Dodging
 + Level 4.9 Stealth
 + Level 4.8 Spellcasting
 * Level 6.7 Conjurations
 - Level 3.8 Summonings
 + Level 5.8 Air Magic
 + Level 4.5 Invocations


You had 11 spell levels left.
You knew the following spells:

 Your Spells              Type           Power        Failure   Level  Hunger
a - Shock                 Conj/Air       ####         1%          1    None
b - Airstrike             Air            ###.......   5%          4    ####...
c - Call Imp              Summ           ###.....     1%          2    #......

Your spell library contained the following spells:

 Spells                   Type           Power        Failure   Level  Hunger
 Magic Dart               Conj           ####         1%          1    None
 Summon Small Mammal      Summ           ###.         1%          1    None
 Static Discharge         Conj/Air       ####....     1%          3    ###....
 Swiftness                Chrm/Air       ##......     2%          2    #......
 Mephitic Cloud           Conj/Pois/Air  ###.....     3%          3    ###....
 Conjure Flame            Conj/Fire      ###.....     4%          3    ###....
 Animate Skeleton         Necr           N/A          6%          1    None
 Apportation              Tloc           #.....       6%          1    None
 Beastly Appendage        Tmut           #.....       6%          1    None
 Confusing Touch          Hex            #.....       6%          1    None
 Blink                    Tloc           N/A          9%          2    #......
 Slow                     Hex            #.......     9%          2    #......
 Sticks to Snakes         Tmut           #.......     9%          2    #......
 Lightning Bolt           Conj/Air       ####......   12%         5    ######.
 Confuse                  Hex            #.......     17%         3    ###....
 Gell's Gravitas          Tloc           #.........   17%         3    ###....
 Spider Form              Tmut/Pois      #.........   17%         3    ###....
 Ice Form                 Ice/Tmut       #.......     47%         4    ####...
 Petrify                  Tmut/Erth      #.......     47%         4    ####...
 Blade Hands              Tmut           #.........   82%         5    ######.
 Metabolic Englaciation   Hex/Ice        #.........   82%         5    ######.
 Yara's Violent Unravell  Hex/Tmut       #.........   82%         5    ######.


Dungeon Overview and Level Annotations

Branches:
Dungeon (10/15)            Temple (1/1) D:4
   Lair: D:8-11         Orc: D:9-12

Altars:
Ashenzari
Cheibriados
Dithmenos
Elyvilon
Fedhas
Gozag
Hepliaklqana
Kikubaaqudgha
Makhleb
Nemelex Xobeh
Okawaru
Qazlal
Ru
Sif Muna
Trog
Uskayaw
Vehumet
Wu Jian
Xom
Yredelemnul
Zin
The Shining One

Shops:
D:10 =


Innate Abilities, Weirdness & Mutations

You can breathe blasts of noxious fumes.
Your lurid green scales are hard. (AC +7)
You cannot fit into any form of body armour.
Your system is resistant to poisons. (rPois)
You are cold-blooded and may be slowed by cold attacks.
Your large and strong wings let you fly indefinitely.
You have large cloven feet.


Message History

There are monsters nearby!
There are monsters nearby!
There are monsters nearby!
There are monsters nearby!
The hell hound breathes flames at you. The blast of flame hits you!
The hell hound stops to sniff the ground.
The hell hound breathes flames at you. The blast of flame misses you.
The hell hound breathes flames at you. The blast of flame hits you!
* * * LOW HITPOINT WARNING * * *
The hell hound breathes flames at you. The blast of flame misses you.
The hell hound breathes flames at you. The blast of flame hits you!
* * * LOW HITPOINT WARNING * * *
The hell hound breathes flames at you. The blast of flame hits you!
You die...

#...'####.# #.#
#...'.....#
#...####..# # #####
#..#.#########.#
##)#..hhh......#
#.####≈≈§≈§####.
#.......!.......
.######.#..#.####.##
...........@......#
.............######
.............#
.?.....∩.....#
.######.##..>#
#<###### ... ....
......


You could see 2 hell hounds.

Vanquished Creatures
  A two-headed ogre (D:10)
  Prince Ribbit (D:6)
  A hippogriff (D:5)
  Sigmund (D:6)
  Menkaure (D:4)
  2 black bears
  2 ice beasts
  Duvessa (D:7)
  2 orc warriors
  A sky beast (D:5)
  2 necrophages
  2 phantoms
  2 ogres
  3 centaurs
  A big kobold (D:9)
  2 bullfrogs
  A gnoll sergeant (D:9)
  Dowan (D:7)
  6 killer bees
  6 howler monkeys
  5 wights (D:7)
  4 crimson imps
  3 jellies
  Crazy Yiuf (D:4)
  6 hounds
  7 orc wizards
  8 orc priests
  A bullfrog skeleton (D:5)
  2 centaur skeletons
  6 iguanas
  8 worker ants
  A killer bee zombie (D:5)
  3 worker ant zombies
  4 gnolls (D:9)
  13 adders
  2 oozes
  2 worms
  A dart slug (D:1)
  5 leopard geckos
  24 orcs
  8 bats
  4 giant cockroaches
  6 goblins
  4 hobgoblins
  4 jackals
  A quokka (D:7)
  6 ball pythons
  7 frilled lizards
  13 kobolds
  A quokka skeleton (D:5)
  5 rats
  A bush (D:5)
205 creatures vanquished.

Vanquished Creatures (collateral kills)
  A dart slug (D:3)
  A frilled lizard (D:4)
2 creatures vanquished.

Grand Total: 207 creatures vanquished

Notes
Turn   | Place    | Note
-------+----------+-------------------------------------------
     0 | D:1      | FishyPogo the Draconian Air Elementalist began the quest
                  | for the Orb.
     0 | D:1      | Reached XP level 1. HP: 14/14 MP: 3/3
   318 | D:1      | Reached XP level 2. HP: 16/20 MP: 0/5
   852 | D:2      | Reached XP level 3. HP: 24/27 MP: 0/6
   895 | D:2      | Found a snail-covered altar of Cheibriados.
  1079 | D:2      | Reached skill level 2 in Conjurations
  1236 | D:2      | Found a deep blue altar of Sif Muna.
  1344 | D:2      | Reached XP level 4. HP: 34/34 MP: 1/7
  1400 | D:2      | Learned a level 4 spell: Airstrike
  1548 | D:1      | You fall through a shaft!
  1758 | D:3      | Reached skill level 1 in Fighting
  1819 | D:2      | Became a worshipper of Sif Muna the Loreminder
  1920 | D:3      | Reached XP level 5. HP: 36/40 MP: 1/9
  2054 | D:3      | Learned a level 2 spell: Call Imp
  2512 | D:4      | Found a staircase to the Ecumenical Temple.
  2540 | D:4      | Reached skill level 1 in Short Blades
  2548 | D:4      | Got a shadowed robe
  2666 | D:4      | Reached skill level 3 in Conjurations
  2666 | D:4      | Reached XP level 6. HP: 47/47 MP: 3/10
  2785 | D:4      | Noticed Menkaure
  2916 | Temple   | Entered the Ecumenical Temple
  3208 | D:4      | Reached skill level 1 in Summonings
  3208 | D:4      | Reached skill level 1 in Invocations
  3251 | D:4      | Killed Menkaure
  3338 | D:4      | Reached * piety under Sif Muna
  3338 | D:4      | Your scales start taking on a lurid green colour.
  3338 | D:4      | Reached XP level 7. HP: 35/53 MP: 0/11
  3338 | D:4      | Gained mutation: Your system is resistant to poisons.
                  | (rPois) [Green Draconian growth]
  3343 | D:4      | Learned a level 3 spell: Mephitic Cloud
  3523 | D:4      | Found a runed translucent door.
  3524 | D:4      | Noticed Crazy Yiuf
  3651 | D:4      | Killed Crazy Yiuf
  3850 | D:5      | Entered Level 5 of the Dungeon
  3930 | D:5      | Reached skill level 1 in Staves
  3930 | D:5      | Reached skill level 4 in Conjurations
  3952 | D:5      | Reached XP level 8. HP: 62/62 MP: 0/13
  4250 | D:5      | Found a blossoming altar of Fedhas.
  4254 | D:5      | Found a white marble altar of Elyvilon.
  4254 | D:5      | Found an opulent altar of Gozag.
  4348 | D:5      | Noticed a hippogriff
  4363 | D:5      | Killed a hippogriff
  4603 | D:6      | Noticed Sigmund
  4661 | D:6      | Reached skill level 5 in Conjurations
  4783 | D:6      | Killed Sigmund
  4783 | D:6      | Reached XP level 9. HP: 61/70 MP: 4/15
  4793 | D:6      | Reached ** piety under Sif Muna
  4797 | D:6      | Noticed Prince Ribbit
  5112 | D:6      | Killed Prince Ribbit
  5112 | D:6      | Reached skill level 5 in Air Magic
  5812 | D:7      | Found a shadowy altar of Dithmenos.
  5824 | D:7      | Noticed Dowan
  5827 | D:7      | Noticed Duvessa
  5828 | D:7      | Killed Dowan
  5871 | D:7      | Killed Duvessa
  6314 | D:7      | Reached skill level 6 in Conjurations
  6877 | D:7      | Gained mutation: You have large cloven feet. [potion of
                  | mutation]
  6877 | D:7      | Gained mutation: Your large and strong wings let you fly
                  | indefinitely. [potion of mutation]
  7060 | D:8      | Found a glowing golden altar of the Shining One.
  7285 | D:8      | Reached XP level 10. HP: 72/80 MP: 10/16
  7768 | D:9      | Reached *** piety under Sif Muna
  8068 | D:9      | Found a radiant altar of Vehumet.
  8349 | D:9      | Found a blossoming altar of Fedhas.
  8445 | D:10     | Entered Level 10 of the Dungeon
  8534 | D:10     | Found Qeyx's Jewellery Shoppe.
  8539 | D:10     | Noticed a two-headed ogre
  8544 | D:10     | Reached skill level 5 in Staves
  8558 | D:10     | Killed a two-headed ogre
  8574 | D:10     | Bought a +3 amulet of reflection for 204 gold pieces
  8601 | D:10     | HP: 2/80 [hell hound/blast of flame (16)]
  8605 | D:10     | Killed from afar by a hell hound

Skill      XL: |  1  2  3  4  5  6  7  8  9 10 |
---------------+-------------------------------+-----
Dodging        | 2 3 4 |  4.5
Stealth        | 2 3 4 |  4.9
Conjurations   | 2 3 4 5 6 |  6.7
Fighting       | 1 2 3 4 |  4.7
Short Blades   | 1 2 3 |  3.9
Spellcasting   | 3 4 |  4.8
Summonings     | 1 2 3 |  3.8
Invocations    | 1 2 3 4 |  4.5
Air Magic      | 4 5 |  5.8
Staves         | 1 3 4 5 |  5.2

Action                   |  1- 3 |  4- 6 |  7- 9 | 10-12 || total
-------------------------+-------+-------+-------+-------++-------
Melee: Unarmed           |    26 |       |       |       ||    26
       Tailslap          |     7 |    11 |    10 |     2 ||    30
       Short sword       |    48 |   107 |       |    31 ||   186
       Quarterstaff      |       |       |   140 |     1 ||   141
       Kick              |       |       |     1 |     1 ||     2
Throw: Stone             |       |       |     2 |       ||     2
 Cast: Shock             |    83 |   110 |   225 |    81 ||   499
       Airstrike         |       |     1 |    17 |     7 ||    25
       Call Imp          |       |     8 |     6 |       ||    14
       Mephitic Cloud    |       |       |     1 |       ||     1
Invok: Divine Energy     |       |       |     1 |       ||     1
 Abil: Breathe Noxious F |       |       |     5 |       ||     5
       Fly               |       |       |     1 |     1 ||     2
       Stop Flying       |       |       |     1 |       ||     1
Evoke: Wand              |     1 |       |     1 |       ||     2
  Use: Scroll            |     3 |     1 |    16 |     1 ||    21
       Potion            |       |     1 |    11 |       ||    12
 Stab: Confused          |       |       |     1 |       ||     1
       Sleeping          |       |       |     2 |       ||     2
       Paralysed         |       |       |     1 |       ||     1
  Eat: Chunk             |     3 |     6 |    11 |     4 ||    24
       Ration            |       |       |     2 |       ||     2
Armor: Skin              |    35 |    25 |    58 |    23 ||   141
Dodge: Dodged            |    60 |    85 |   148 |    52 ||   345
